AoeStats
← neiverrrr

Arabia

509385952Analyzed
1v1 RM · 7d ago on Sep 26, 2026· 49m 59s· 2 players
Game mode
Random Map
Map size
Tiny (2 player)
Population
200
Speed
Normal
Resources
Standard
Victory
Conquest
Starting age
Dark Age
Ending age
Imperial Age
RankedLock teamsTeams togetherTeam positionsShared explorationLock speedFull tech treeHidden civsTurbo modeCheats
Victory
Defeat
🇦🇷 Burgundians · Argentina
873
+16
🇪🇸 Byzantines · Spain
875
-30
Vagorr_
10:29 Feudal Age
13:35 Loom
19:14 Castle Age
18:34 Horse Collar
24:09 Double-Bit Axe
24:35 Husbandry
24:54 Scale Barding Armor
25:27 Cavalier
26:28 Heavy Plow
27:24 Bow Saw
28:22 Forging
29:28 Wheelbarrow
31:03 Chain Barding Armor
35:26 Ballistics
34:54 Elite Skirmisher
35:01 Crossbowman
38:18 Imperial Age
36:06 Hand Cart
36:56 Two-Man Saw
36:11 Gold Mining
36:15 Stone Mining
37:49 Fletching
37:59 Padded Archer Armor
38:44 Iron Casting
38:26 Bodkin Arrow
39:41 Plate Barding Armor
38:44 Paladin
41:13 Leather Archer Armor
41:01 Bracer
42:01 Blast Furnace
42:08 Blast Furnace
42:15 Chemistry
46:19 Murder Holes
46:08 Treadmill Crane
46:41 Masonry
47:05 Conscription
46:58 Burgundian Vineyards
neiverrrr
4:19 Loom
11:03 Feudal Age
11:29 Double-Bit Axe
11:43 Horse Collar
16:55 Forging
21:23 Castle Age
20:51 Scale Mail Armor
21:30 Fletching
21:41 Padded Archer Armor
21:28 Pikeman
22:11 Elite Skirmisher
23:06 Gold Mining
24:27 Gold Shaft Mining
23:43 Stone Mining
24:28 Bodkin Arrow
24:49 Leather Archer Armor
27:49 Heavy Plow
36:09 Imperial Age
35:47 Chain Mail Armor
36:08 Iron Casting
36:47 Wheelbarrow
38:00 Hand Cart
38:12 Ballistics
38:55 Chemistry
39:38 Plate Mail Armor
39:09 Bracer
39:39 Ring Archer Armor
39:43 Halberdier
40:36 Squires
40:31 Gambesons
43:13 Conscription
48:07 Stone Shaft Mining
Connection lost

Rejoining the realm…

Still unreachable

The connection could not be restored.

Session expired

The server has moved on; the page needs a fresh start.